 Dungeon Crawl Stone Soup version 0.17-a0-1842-gacc33f2 (webtiles) character file.

215 Ijustatesigmund the Sneak (level 6, -1/35 HPs)
             Began as a Kobold Assassin on Sept 17, 2015.
             Killed from afar by an orc wizard (10 damage)
             ... with a puff of flame
             ... on level 5 of the Dungeon.
             The game lasted 00:07:54 (2755 turns).

Ijustatesigmund the Sneak (Kobold Assassin)         Turns: 2755, Time: 00:07:55

Health: -1/35      AC:  4    Str:  8    XL:     6   Next: 15%
Magic:  0/6        EV: 14    Int:  9    God:
Gold:   211        SH:  0    Dex: 22    Spells: 0 memorised, 5 levels left

rFire  . . .     SeeInvis .     t - +7 short sword of Symmetry {pierce, +Inv Dex+3}
rCold  . . .     Clarity  .     c - +0 robe
rNeg   . . .     SustAt   .     (shield restricted)
rPois  .         Gourm    .     n - +0 helmet
rElec  .         Spirit   +     d - +0 cloak
rCorr  .         Warding  .     (no gloves)
rMut   .         Stasis   .     (no boots)
MR     .....                    o - amulet of guardian spirit
Stlth  ++++......               (no ring)
                                q - -2 ring of strength (curse)

@: very slightly contaminated, hasted, very quick, not resistant to hostile
enchantments, stealthy
A: carnivore 3
a: Evoke Invisibility


You were on level 5 of the Dungeon.
You were completely stuffed.

You visited 1 branch of the dungeon, and saw 5 of its levels.

You collected 211 gold pieces.

Inventory:

Hand weapons
 a - a +2 dagger
 b - a +0 blowgun
 t - the +7 short sword of Symmetry (weapon) {pierce, +Inv Dex+3}
   (You found it on level 4 of the Dungeon)

   It inflicts extra damage upon your enemies.
   It affects your dexterity (+3).
   It lets you turn invisible.
Missiles
 e - 24 poisoned needles
 f - 2 curare-tipped needles
 s - a throwing net (quivered)
Armour
 c - a +0 robe (worn)
 d - a +0 cloak (worn)
 n - a +0 helmet (worn)
Jewellery
 o - an amulet of guardian spirit (around neck)
 q - a cursed -2 ring of strength (left hand)
Scrolls
 p - a scroll of recharging
 u - a scroll of noise {unknown}
Potions
 i - 2 potions of might
 k - a potion of agility
 m - a potion of curing
Comestibles
 g - 3 meat rations
 h - 4 chunks of flesh
 j - 2 slices of pizza
 r - a beef jerky


   Skills:
 - Level 2.1 Fighting
 * Level 6.0 Short Blades
 * Level 3.8 Throwing
 - Level 1.2 Dodging
 + Level 7.0 Stealth


You had 5 spell levels left.
You didn't know any spells.

Dungeon Overview and Level Annotations

Branches:
Dungeon (5/15)
 Temple: D:4-7

Altars:
Gozag
Ru
Vehumet
Zin

Shops:
D:4 *


Innate Abilities, Weirdness & Mutations

You are small and have problems with some larger weapons.
You are carnivorous and can eat meat at any time.


Message History

* * * LOW HITPOINT WARNING * * *
The orc warrior barely misses you.
Drink which item? (? for menu, Esc to quit)
You feel better. The phantom closely misses you.
The orc warrior hits you from afar with a vampiric trident.
* * * LOW HITPOINT WARNING * * *
Drink which item? (? for menu, Esc to quit)
You feel yourself speed up. The phantom hits you.
* * * LOW HITPOINT WARNING * * *
The orc wizard hits you but does no damage.
The orc warrior completely misses you. The orc hits you but does no damage.
You are very lightly contaminated with residual magic.
Drink which item? (? for menu, Esc to quit)
You feel better.
The phantom hits you but does no damage.
The orc wizard hits you but does no damage.
A scorpion comes into view.
The orc wizard gestures at you while chanting.
The puff of flame hits you!
You die...

####.#.....#
#[#....##
##.#..#.#
##..)..#.#
#....oo#.##
....###SW#
.# .##
#oo##.#
##....#
#.#@.#
...#..#
#s####..# #
#..# ####


You could see a phantom, an orc warrior, an orc wizard, an adder and an orc.

Vanquished Creatures
  An orc wizard (D:2)
  A hound (D:4)
  7 adders
  An adder skeleton (D:5)
  2 worms (D:3)
  3 giant geckos
  10 orcs
  7 bats
  A giant cockroach (D:4)
  5 hobgoblins
  4 jackals (D:4)
  6 kobolds
  3 ball pythons
  3 giant newts
  6 goblins
  A quokka skeleton (D:4)
  24 rats
  A fungus (D:3)
86 creatures vanquished.

Notes
Turn   | Place    | Note
--------------------------------------------------------------
     0 | D:1      | Ijustatesigmund the Kobold Assassin began the quest for the Orb.
     0 | D:1      | Reached XP level 1. HP: 12/12 MP: 1/1
    35 | D:1      | Reached XP level 2. HP: 9/17 MP: 2/2
   251 | D:1      | Reached XP level 3. HP: 21/21 MP: 3/3
   599 | D:2      | Found a radiant altar of Vehumet.
   687 | D:2      | Reached skill level 6 in Stealth
   797 | D:2      | Reached XP level 4. HP: 26/26 MP: 4/4
   943 | D:2      | Found a sacrificial altar of Ru.
   955 | D:2      | Reached skill level 5 in Short Blades
  1245 | D:3      | Reached XP level 5. HP: 13/30 MP: 5/5
  1473 | D:3      | Found an opulent altar of Gozag.
  1510 | D:3      | Found a faded altar to an unknown god.
  2554 | D:4      | Reached XP level 6. HP: 4/35 MP: 2/6
  2562 | D:4      | Reached skill level 7 in Stealth
  2627 | D:4      | Got a translucent short sword
  2637 | D:4      | Found Zin's Purification Station.
  2637 | D:4      | Found a glowing silver altar of Zin.
  2638 | D:4      | Identified the +7 short sword of Symmetry {pierce, +Inv Dex+3} (You found it on level 4 of the Dungeon)
  2715 | D:5      | Entered Level 5 of the Dungeon
  2746 | D:5      | Noticed an orc warrior
  2755 | D:5      | Killed from afar by an orc wizard

Vault maps used:
D:1:      erik_arrival_orb_chamber
D:2:      fiery_altar_vehumet, minmay_misc_feat_tiny,
          nicolae_ru_great_annihilating_truth
D:3:      grunt_gozag_statues, ecumenical_altar_1, minmay_gold_behind_fungi,
          minmay_misc_feat_rows, minmay_misc_feat_four_crosses,
          wad_floor_pattern_1, amethyst_killhole
D:4:      zin_purify, minmay_temple_entry_statues_pillars, gup_sewer_entry_bowl
D:5:      first_bread, serial_shops, kennysheep_mini, uniq_grinder

Action                   |  1- 3 |  4- 6 || total
-------------------------+-------+-------++-------
Melee: Dagger            |    80 |   176 ||   256
       Short sword       |       |     4 ||     4
 Fire: Blowgun           |       |    11 ||    11
Throw: Throwing net      |       |     2 ||     2
  Use: Scroll            |     3 |     4 ||     7
       Potion            |       |     4 ||     4
 Stab: Sleeping          |    12 |    10 ||    22
       Distracted        |     1 |       ||     1
       Held in net/web   |       |     2 ||     2
  Eat: Chunk             |     6 |     8 ||    14
